 Dungeon Crawl Stone Soup version 0.31-a0-75-g6fe912e8c5 (webtiles) character file.

Game seed: 16007217616387712714

13 Esekla the Sneak (level 2, -1/21 HPs)
             Began as an Octopode Delver on May 23, 2023.
             Was an Initiate of Gozag.
             Shot with an arrow by a centaur (6 damage)
             ... on level 5 of the Dungeon.
             The game lasted 00:03:43 (380 turns).

Esekla the Sneak (Octopode Delver)                   Turns: 380, Time: 00:03:44

Health: -1/21      AC:  1    Str: 11    XL:     2   Next: 37%
Magic:  2/2        EV: 13    Int: 12    God:    Gozag
Gold:   2          SH:  0    Dex: 13    Spells: 1/1 levels left

rFire   + . .        a - +0 falchion
rCold   . . .        (no shield)
rNeg    . . .        (helmet restricted)
rPois   .            (no amulet)
rElec   .            i - ring of protection from fire
rCorr   .            (no ring)
SInv    .            (no ring)
Will    .....        (no ring)
Stlth   ++++         (no ring)
HPRegen 0.23/turn    (no ring)
MPRegen 0.08/turn    (no ring)
                     (no ring)

%: no passive effects
@: hasted, very quick
A: almost no armour, amphibious, 8 rings, camouflage 1, gelatinous body 1,
(nimble swimmer 1), tentacles
a: Renounce Religion, Potion Petition, Call Merchant, Bribe Branch


You were on level 5 of the Dungeon.
You worshipped Gozag.
Gozag was noncommittal.
You visited 1 branch of the dungeon, and saw 1 of its levels.

You collected 20 gold pieces.
You paid 18 gold pieces to Gozag.

Inventory:

Hand Weapons
 a - a +0 falchion (weapon)
 g - a +0 dagger
Jewellery
 i - a ring of protection from fire (left tentacle)
Wands
 f - a wand of digging (3)
Scrolls
 b - a scroll of fog
 c - a scroll of magic mapping
 d - 2 scrolls of torment {unknown}
Potions
 h - a potion of brilliance {unknown}


   Skills:
 * Level 3.1 Fighting
 * Level 2.1 Long Blades
 * Level 2.1 Dodging
 + Level 7.0 Stealth
 * Level 0.2 Spellcasting


You had one spell level left.
You didn't know any spells.
Your spell library was empty.

Dungeon Overview and Level Annotations

Branches:
Dungeon (5/15)
 Temple: D:4-7

Altars:
Gozag

Portals:
Sewer: D:5


Innate Abilities, Weirdness & Mutations

You cannot wear most types of armour.
You are amphibious.
You can wear up to eight rings at the same time.
Your skin changes colour to match your surroundings (Stealth+).
Your rubbery body absorbs attacks. (AC +1, EV +1)
((You are camouflaged when in or above water. (Stealth+)))
You have tentacles for arms and can constrict up to eight enemies at once.


Message History

You constrict the adder.
You feel sick.
You are no longer poisoned.
The adder misses you. The adder completely misses you.
You hit the adder.
The adder is moderately wounded.
You constrict the adder. The adder bites you.
* * * LOW HITPOINT WARNING * * *
You hit the adder.
The adder is almost dead.
You constrict the adder.
You kill the adder!
Your Stealth skill increases to level 7!
You have reached level 2!
You see here an adder corpse.
An ogre comes into view. It is wielding a +0 giant club.
You see here an adder corpse.
You start resting.
You hear the rusting of a very distant drain.
Found a quarterstaff.
Found 4 gold pieces.
You see here a +0 quarterstaff.
You now have 20 gold pieces (gained 4).
You see here a +0 quarterstaff.
You start resting.
You hear the brisk rusting of a distant drain.
Found 16 gold pieces.
There is an opulent altar of Gozag here.
You curl up in front of the altar of Gozag.
Gozag welcomes you!
You pay a service fee of 18 gold.
The centaur shouts!
The centaur shoots an arrow.
The arrow misses you.
You feel yourself speed up.
The centaur shoots an arrow.
The arrow misses you.
The centaur shoots an arrow.
The arrow hits you!
The centaur shoots an arrow.
The arrow hits you!
* * * LOW HITPOINT WARNING * * *
The centaur shoots an arrow.
The arrow misses you.
The centaur shoots an arrow.
The arrow hits you.
You die...
Your body crumbles into a pile of gold.

~~∩~~~....#
#.#......##..###....
~~~~~~r...
#........##....#.#..
~~~~~~#.#
##.......###.#.#.#..
~~~~~...# #.......#
#.#.#.#.# #...#..#
#.#########.......#
......#######
#.......#.....###.#
##..........#
####.#..#.......#..
...###......#
####.#c>......#.### ...#
#......#
#.@.....#.###.#.... ...#
#......# #.#.#.###.#
#.#.#.# ...# #......#
#.#.....#.# #.###.# ...#
#......# #.#.#.#.#.#
#....). ..(###......#
#.#.#.#.#.. #######
...'.#......###.###O#####
...#.#..........#....$#
...#.######.###.#.#.###
##.#.# #.# #.#.._..#


You could see a centaur.

Vanquished Creatures
  An adder (D:5)
  3 jackals (D:5)
4 creatures vanquished.

Notes
Turn   | Place    | Note
-------+----------+-------------------------------------------
     0 | D:5      | Esekla the Octopode Delver began the quest for the Orb.
     0 | D:5      | Reached XP level 1. HP: 16/16 MP: 1/1
     7 | D:5      | Found an opulent altar of Gozag.
    81 | D:5      | Noticed an ogre
   114 | D:5      | Noticed a centaur
   121 | D:5      | Found a glowing drain.
   277 | D:5      | Reached skill level 7 in Stealth
   277 | D:5      | Reached XP level 2. HP: 2/21 MP: 2/2
   278 | D:5      | Noticed an ogre
   371 | D:5      | Became a worshipper of Gozag Ym Sagoz the Greedy
   380 | D:5      | Shot with an arrow by a centaur

Illustrated notes

Levels and vault maps discovered:
D:5:      wander_river, layout_basic,
          nicolae_gozag_cash_rules_everything_around_me, trog_book,
          cheibrodos_sewer_entry_drain

Skill      XL: |  1 |
---------------+----+-----
Stealth        | 7 |  7.0
Fighting       | |  3.1
Long Blades    | |  2.1
Dodging        | |  2.1
Spellcasting   | |  0.2

Action                     || total
---------------------------++-------
  Melee: Falchion          ||    11
         Constrict         ||     3
         Tentacles         ||     3
         Dagger            ||     1
    Use: Scroll            ||     1
         Potion            ||     1
   Stab: Sleeping          ||     1
 Armour: Skin              ||     1
  Dodge: Dodged            ||    13

Table legend: (Time is in decaauts)
 A = Elapsed time spent in this place.
 B = Non-inter-level travel time spent in this place.
 C = Inter-level travel time spent in this place.
 D = Time resting spent in this place.
 E = Time spent auto-exploring this place.
 F = Levels seen in this place.
 G = Mean time per level.
                   A        B        C        D        E       F      G
               +--------+--------+--------+--------+--------+-----+--------+
         Total |    378 |    378 |      0 |     35 |      0 |   1 |  378.0 |
       Dungeon |    378 |    378 |      0 |     35 |      0 |   1 |  378.0 |
               +--------+--------+--------+--------+--------+-----+--------+

Top non-repeatable levels by time:
     D:5: 378 daAuts
